 Dungeon Crawl Stone Soup version 0.25.1-2-g60ff931df9 (webtiles) character file.

Game seed: 4110226614801872412

1948 ArchParadox the Grave Robber (level 8, -1/60 HPs)
             Began as a Mummy Necromancer on Sept 5, 2020.
             Was an Initiate of Gozag.
             Killed by divine providence
             ... invoked by an orc priest
              (14 damage)
             ... on level 7 of the Dungeon.
             The game lasted 00:41:52 (10364 turns).

ArchParadox the Grave Robber (Mummy Necromancer)   Turns: 10364, Time: 00:41:53

Health: -1/60      AC:  6    Str: 12    XL:     8   Next: 98%
Magic:  14/14      EV: 13    Int: 16    God:    Gozag
Gold:   1434       SH:  0    Dex: 12    Spells: 4/15 levels left

rFire    x . .     SeeInvis .   l - +1 flail
rCold    + . .     Gourm    .   (no shield)
rNeg     + + +     Faith    .   a - +0 robe
rPois    ∞         Spirit   .   (no helmet)
rElec    .         Reflect  .   (no cloak)
rCorr    .         Harm     .   (no gloves)
MR       +....                  (no boots)
Stlth    ++........             (no amulet)
HPRegen  0.20/turn              m - +4 ring of protection
MPRegen  0.14/turn              (no ring)

@: no status effects
A: no food or potions, fire vulnerability, cold resistance 1, negative energy
resistance 3, torment resistance, unbreathing
a: Potion Petition, Call Merchant, Bribe Branch, Renounce Religion


You were on level 7 of the Dungeon.
You worshipped Gozag.
Gozag was most pleased with you.
You were not hungry.

You visited 1 branch of the dungeon, and saw 7 of its levels.

You collected 1461 gold pieces.
You paid 27 gold pieces to Gozag.

Inventory:

Hand Weapons
 c - a +0 short sword
 l - a +1 flail (weapon)
 n - a +0 halberd
Armour
 a - a +0 robe (worn)
 s - a +1 ring mail of positive energy
 u - a +0 cloak
Jewellery
 h - an uncursed ring of wizardry {unknown}
 i - a cursed ring of attention
 m - a +4 ring of protection (left hand)
Wands
 d - a wand of polymorph (7)
 o - a wand of flame (16)
 r - a wand of iceblast (6)
 v - a wand of random effects (12)
Scrolls
 b - 3 scrolls of teleportation
 e - 2 scrolls of enchant weapon
 f - 3 scrolls of amnesia
 g - 2 scrolls of magic mapping
 j - a scroll of vulnerability {unknown}
 k - 4 scrolls of remove curse
 p - a scroll of blinking
 q - a scroll of enchant armour {unknown}
 t - a scroll of fear {unknown}


   Skills:
 - Level 4.0 Fighting
 + Level 4.1 Maces & Flails
 - Level 3.0 Dodging
 - Level 1.5 Stealth
 - Level 4.0 Spellcasting
 * Level 5.3 Hexes
 - Level 7.4 Necromancy


You had 4 spell levels left.
You knew the following spells:

 Your Spells              Type           Power        Failure   Level  Hunger
a - Pain                  Necr           ####         1%          1    N/A
b - Vampiric Draining     Necr           ####......   2%          3    N/A
c - Animate Dead          Necr           N/A          8%          4    N/A
d - Tukima's Dance        Hex            ###.....     6%          3    N/A

Your spell library contained the following spells:

 Spells                   Type           Power        Failure   Level  Hunger
 Animate Skeleton         Necr           N/A          1%          1    N/A
 Corona                   Hex            ###....      1%          1    N/A
 Confusing Touch          Hex            ###.....     6%          3    N/A
 Ensorcelled Hibernation  Hex/Ice        ##....       9%          2    N/A
 Dazzling Flash           Conj/Hex       ##....       17%         3    N/A
 Gell's Gravitas          Tloc           #.........   45%         3    N/A
 Petrify                  Tmut/Erth      #.......     86%         4    N/A
 Agony                    Necr           ####....     22%         5    N/A
 Metabolic Englaciation   Hex/Ice        ##........   85%         5    N/A
 Yara's Violent Unravell  Hex/Tmut       ##........   85%         5    N/A

Dungeon Overview and Level Annotations

Branches:
Dungeon (7/15)             Temple (0/1) D:6

Altars:
Ashenzari
Cheibriados
Elyvilon
Gozag
Kikubaaqudgha
Makhleb
Okawaru
Sif Muna
Uskayaw

Shops:
D:6 (

Annotations:
D:3 1 runed translucent door, Crazy Yiuf
D:4 2 transporters


Innate Abilities, Weirdness & Mutations

You do not eat or drink.
Your flesh is vulnerable to fire.
You are immune to poison.
Your flesh is cold resistant. (rC+)
You are immune to negative energy. (rN+++)
You are immune to unholy pain and torment.
You can survive without breathing.


Message History

The weapon returns to the orc!
The orc priest shouts!
Found 19 gold pieces.
An orc wizard is nearby!
The orc priest looks encouraged for a moment.
You hit the orc but do no damage. The orc misses you.
You hit the orc but do no damage. The orc hits you with a +0 club.
The orc priest invokes the aid of Beogh against you.
Beogh smites you!
You closely miss the orc. The orc hits you with a +0 club.
You closely miss the orc. The orc misses you.
You hit the orc but do no damage.
The orc priest mumbles some strange prayers to Beogh against you.
Beogh smites you! The orc hits you with a +0 club.
You barely miss the orc. The orc hits you with a +0 club.
* * * LOW HITPOINT WARNING * * *
The orc priest invokes the aid of Beogh against you.
Beogh smites you!
You die...
Your body crumbles into a pile of gold. .#.....# .....).# ##...... #$..... .# ..... ..##### ooo

#..#... #o# #.....
###@# .
#....##...#....
#..#...........
#.....##.#.....
#....###.##...#
#...###..######
#######..##....... ..
..............##.##..
###............#.....


You could see an orc priest, an orc wizard and 2 orcs.

Vanquished Creatures
  An orc warrior (D:7)
  An ice beast (D:5)
  2 centaurs (D:7)
  A bullfrog (D:6)
  A scorpion (D:3)
  3 killer bees (D:5)
  2 howler monkeys
  2 electric eels (D:7)
  3 crimson imps
  2 jellies
  8 hounds
  3 orc priests
  5 orc wizards
  3 bullfrog skeletons
  A centaur skeleton (D:6)
  2 iguanas (D:6)
  3 worker ants (D:4)
  A killer bee zombie (D:6)
  A worker ant zombie (D:5)
  10 adders
  3 gnolls (D:3)
  3 shadow imps
  3 oozes
  An adder zombie (D:5)
  2 adder skeletons
  4 worms
  4 dart slugs
  8 leopard geckos
  23 orcs
  A ball python (D:1)
  A giant cockroach (D:3)
  8 goblins
  6 hobgoblins
  7 jackals
  5 quokkas
  12 bats
  8 frilled lizards
  2 jackal zombies (D:6)
  12 kobolds
  2 leopard gecko skeletons (D:4)
  9 rats
179 creatures vanquished.

Notes
Turn   | Place    | Note
-------+----------+-------------------------------------------
     0 | D:1      | ArchParadox the Mummy Necromancer began the quest for the
                  | Orb.
     0 | D:1      | Reached XP level 1. HP: 13/13 MP: 4/4
   688 | D:1      | Reached XP level 2. HP: 19/19 MP: 3/5
  1458 | D:2      | Reached XP level 3. HP: 20/24 MP: 3/7
  1734 | D:1      | Learned a level 3 spell: Vampiric Draining
  1831 | D:2      | Found an opulent altar of Gozag.
  1905 | D:2      | Became a worshipper of Gozag Ym Sagoz the Greedy
  2031 | D:2      | Reached XP level 4. HP: 30/30 MP: 7/9
  2297 | D:2      | Learned a level 4 spell: Animate Dead
  2472 | D:2      | Reached skill level 5 in Necromancy
  2760 | D:3      | Found a snail-covered altar of Cheibriados.
  3120 | D:3      | Reached XP level 5. HP: 19/35 MP: 1/10
  3327 | D:3      | Found a white marble altar of Elyvilon.
  3450 | D:3      | Found a hide-covered altar of Uskayaw.
  3846 | D:3      | Reached skill level 6 in Necromancy
  4403 | D:3      | Found an iron altar of Okawaru.
  4451 | D:3      | Reached XP level 6. HP: 41/41 MP: 8/12
  4648 | D:3      | Found a runed translucent door.
  4649 | D:3      | Noticed Crazy Yiuf
  4819 | D:5      | Entered Level 5 of the Dungeon
  5677 | D:4      | Reached skill level 1 in Fighting
  5778 | D:4      | Found a transporter.
  5779 | D:4      | Found a transporter.
  5978 | D:4      | Found a shattered altar of Ashenzari.
  6094 | D:5      | Reached skill level 1 in Maces & Flails
  6227 | D:5      | Found an ancient bone altar of Kikubaaqudgha.
  6243 | D:5      | Found a shimmering blue altar of Sif Muna.
  6477 | D:5      | Reached XP level 7. HP: 47/49 MP: 9/13
  6527 | D:5      | Reached skill level 7 in Necromancy
  6594 | D:5      | Found a burning altar of Makhleb.
  7490 | D:5      | Learned a level 3 spell: Tukima's Dance
  7585 | D:6      | Found Ziho's Antique Weapon Boutique.
  7625 | D:6      | Reached skill level 1 in Hexes
  7900 | D:5      | Reached XP level 8. HP: 42/58 MP: 4/14
  8618 | D:6      | Found a staircase to the Ecumenical Temple.
 10014 | D:7      | Reached skill level 5 in Hexes
 10364 | D:7      | Killed from afar by an orc priest

Illustrated notes

Levels and vault maps discovered:
D:1:      evilmike_arrival_home_sweet_home, layout_loops_ring
D:2:      layout_rooms, nicolae_gozag_seed_capital, minmay_misc_feat_nine_boxes
D:3:      minmay_skewed_foursquare, layout_basic, cheibriados_altar_1,
          kennysheep_okawaru_gauntlet, elyvilon_altar_5,
          nicolae_overflow_crystal_walls, nrook_uturn, minmay_ruptured,
          uniq_crazy_yiuf_cottage
D:4:      gammafunk_steamed_eel, layout_loops_cross, kennysheep_mini_moat,
          first_ration
D:5:      layout_basic, overflow_temple_1_default, kennysheep_mini,
          nicolae_overflow_hidden_temple
D:6:      hangedman_cross_stitches, layout_cave_pools,
          minmay_temple_entry_drinking_statues, serial_shops, shop_statue,
          serial_bayou_ford_a
D:7:      layout_layer_cave, grunt_ogre_cave, minmay_misc_feat_enclosed,
          water_boxes_lemuel

Skill      XL: |  1  2  3  4  5  6  7  8 |
---------------+-------------------------+-----
Spellcasting   | 3 4 |  4.0
Dodging        | 2 3 |  3.0
Necromancy     | 5 6 7 |  7.4
Fighting       | 1 3 4 |  4.0
Maces & Flails | 1 2 4 |  4.1
Hexes          | 2 5 |  5.3
Stealth        | |  1.5

Action                   |  1- 3 |  4- 6 |  7- 9 || total
-------------------------+-------+-------+-------++-------
Melee: Short sword       |     1 |    31 |       ||    32
       Flail             |       |    27 |   160 ||   187
 Cast: Pain              |    62 |   177 |    99 ||   338
       Vampiric Draining |       |     5 |    18 ||    23
Invok: Potion Petition   |       |       |     1 ||     1
  Use: Scroll            |       |     9 |       ||     9
 Stab: Sleeping          |       |     3 |       ||     3
Armor: Robe              |    11 |    19 |    68 ||    98
Dodge: Dodged            |    19 |    61 |   197 ||   277
